 Dungeon Crawl Stone Soup version 0.20-a0-2-g2b0e13a (webtiles) character file.

67 Kaname the Stinger (level 4, 0/30 HPs)
             Began as a Demonspawn Venom Mage on Oct 29, 2016.
             Succumbed to an adder's poison
             ... on level 2 of the Dungeon.
             The game lasted 00:05:18 (2258 turns).

Kaname the Stinger (Demonspawn Venom Mage)          Turns: 2258, Time: 00:05:19

Health: 0/30       AC:  6    Str:  8    XL:     4   Next: 0%
Magic:  5/7        EV: 12    Int: 17    God:
Gold:   133        SH:  0    Dex: 14    Spells: 1 memorised, 6 levels left

rFire  . . .     SeeInvis .     h - +0 dagger
rCold  . . .     Gourm    .     a - +0 robe
rNeg   . . .     Faith    .     (no shield)
rPois  .         Spirit   .     g - +1 hat
rElec  .         Reflect  .     (no cloak)
rCorr  .         Harm     .     (no gloves)
MR     .....                    k - +0 pair of boots
Stlth  ++........               (no amulet)
                                (no ring)
                                (no ring)

@: lethally poisoned (0 -> -6)
A: thin metallic scales 1, powered by death 2
a: no special abilities


You were on level 2 of the Dungeon.
You were hungry.

You visited 1 branch of the dungeon, and saw 2 of its levels.

You collected 133 gold pieces.

Inventory:

Hand Weapons
 h - a +0 dagger (weapon)
Armour
 a - a +0 robe (worn)
 g - a +1 hat (worn)
 k - a +0 pair of boots (worn)
Scrolls
 d - a scroll of immolation {unknown}
 i - a scroll of magic mapping {unknown}
 l - a scroll of teleportation {unknown}
 m - a scroll of fear {unknown}
Potions
 e - a potion of lignification {unknown}
 f - a potion of haste {unknown}
Books
 b - a Young Poisoner's Handbook

   Spells                             Type                      Level
   a - Sting                          Conjuration/Poison           1
   b - Mephitic Cloud                 Conjuration/Poison/Air       3
   c - Olgreb's Toxic Radiance        Poison                       4
   d - Alistair's Intoxication        Transmutation/Poison         5
   e - Venom Bolt                     Conjuration/Poison           5
Comestibles
 c - 2 bread rations
 j - a meat ration


   Skills:
 - Level 1.7 Dodging
 - Level 1.7 Stealth
 - Level 2.0 Spellcasting
 + Level 3.6 Conjurations
 - Level 4.0 Poison Magic


You had 6 spell levels left.
You knew the following spells:

 Your Spells              Type           Power        Failure   Level  Hunger
a - Sting                 Conj/Pois      ##..         4%          1    #......


Dungeon Overview and Level Annotations

Branches:
Dungeon (2/15)

Altars:
Qazlal
Uskayaw


Innate Abilities, Weirdness & Mutations

You are partially covered in thin metallic scales. (AC +2)
You regenerate health from kills.


Message History

You feel sick. The adder bites you. The adder bites you but does no damage.
The adder closely misses you.
You feel sick. The adder barely misses you.
The adder bites you but does no damage. x2
You feel sick. The adder barely misses you.
The adder bites you but does no damage.
You feel sick. The adder bites you but does no damage. The adder misses you.
The adder bites you.
You are more poisoned.
The adder poisons you!
You feel sick. The adder bites you.
* * * LOW HITPOINT WARNING * * *
* * * LOW HITPOINT WARNING * * *
You feel sick. The adder bites you.
* * * LOW HITPOINT WARNING * * *
The adder barely misses you. x2
* * * LOW HITPOINT WARNING * * *
You feel sick. The adder bites you.
* * * LOW HITPOINT WARNING * * *
You die...

# # # ####### # #.....#
### #.....#
..############.....#
#............$.....#
...##########......#
##.## #...@S.#
##..####### ##.....#
###.......####...........
####...................
##....##..###...........
#...######.#####.##.#####
..# #..# #....# .#
##.####..### # #....#..#


You could see an adder.

Vanquished Creatures
  An ooze (D:1)
  5 dart slugs
  A leopard gecko (D:1)
  A ball python (D:1)
  6 giant cockroaches
  4 goblins
  3 hobgoblins (D:1)
  4 jackals (D:1)
  5 kobolds
  9 bats
  9 rats
48 creatures vanquished.

Notes
Turn   | Place    | Note
-------+----------+-------------------------------------------
     0 | D:1      | Kaname the Demonspawn Venom Mage began the quest for the Orb.
     0 | D:1      | Reached XP level 1. HP: 13/13 MP: 3/3
   142 | D:1      | Reached skill level 1 in Conjurations
   679 | D:1      | Gained mutation: You regenerate a little health from kills. [demonic ancestry]
   679 | D:1      | Reached XP level 2. HP: 16/19 MP: 0/5
  1056 | D:1      | Gained mutation: You regenerate health from kills. [demonic ancestry]
  1056 | D:1      | Reached XP level 3. HP: 24/24 MP: 3/6
  1957 | D:2      | Found a stormy altar of Qazlal.
  2093 | D:2      | Found a hide-covered altar of Uskayaw.
  2228 | D:2      | Gained mutation: You are partially covered in thin metallic scales. (AC +2) [demonic ancestry]
  2228 | D:2      | Reached XP level 4. HP: 28/30 MP: 4/7
  2257 | D:2      | HP: 1/30 [adder (3)]
  2258 | D:2      | Succumbed to an adder's poison

Vault maps used:
D:1:      matt_arrival_los_fun
D:2:      overflow_temple_1_default, grunt_qazlal_clouds

Skill      XL: |  1  2  3 |
---------------+----------+-----
Conjurations   | 1 2 3 |  3.6
Dodging        | |  1.7
Stealth        | |  1.7
Spellcasting   | |  2.0
Poison Magic   | |  4.0

Action                   |  1- 3 |  4- 6 || total
-------------------------+-------+-------++-------
Melee: Unarmed           |    51 |       ||    51
       Dagger            |    78 |     3 ||    81
 Cast: Sting             |    71 |     2 ||    73
 Stab: Sleeping          |     2 |       ||     2
  Eat: Chunk             |     5 |       ||     5
Armor: Robe              |    38 |    10 ||    48
Dodge: Dodged            |   132 |    17 ||   149
